 Dungeon Crawl Stone Soup version 0.18.1-50-g88ac8fd (webtiles) character file.

86 Dioneo the Chiller (level 4, -1/27 HPs)
             Began as a High Elf Ice Elementalist on Oct 21, 2016.
             Slain by tailblues's ghost (3 damage)
             ... on level 3 of the Dungeon.
             The game lasted 00:10:32 (2896 turns).

Dioneo the Chiller (High Elf Ice Elementalist)      Turns: 2896, Time: 00:10:32

Health: -1/27      AC:  2    Str:  7    XL:     4   Next: 27%
Magic:  8/10       EV: 16    Int: 20    God:
Gold:   141        SH:  0    Dex: 15    Spells: 3 memorised, 4 levels left

rFire  . . .     SeeInvis .     s - +2 dagger (venom)
rCold  . . .     Gourm    .     a - +0 robe
rNeg   . . .     Faith    .     (no shield)
rPois  .         Spirit   .     (no helmet)
rElec  .         Dismiss  .     (no cloak)
rCorr  .         Reflect  .     (no gloves)
SustAt .         Harm     .     (no boots)
MR     .....                    (no amulet)
Stlth  ++........               (no ring)
                                r - +4 ring of evasion

@: not resistant to hostile enchantments, unstealthy
A: no striking features
a: no special abilities


You were on level 3 of the Dungeon.
You were not hungry.

You visited 1 branch of the dungeon, and saw 3 of its levels.

You collected 141 gold pieces.

Inventory:

Hand Weapons
 s - a +2 dagger of venom (weapon)
Armour
 a - a +0 robe (worn)
Jewellery
 r - a +4 ring of evasion (left hand)
Scrolls
 i - a scroll of teleportation
 j - a scroll of magic mapping
 k - a scroll of blinking {unknown}
 l - a scroll of enchant weapon {unknown}
 o - a scroll of amnesia {unknown}
 q - a scroll of remove curse {unknown}
Potions
 d - a potion of curing
 e - a potion of flight
 g - 2 potions of degeneration
 m - a potion of cure mutation
Books
 b - a book of Frost

   Spells                             Type                      Level
   a - Freeze                         Ice                          1
   b - Throw Frost                    Conjuration/Ice              2
   c - Ozocubu's Armour               Charms/Ice                   3
   d - Throw Icicle                   Conjuration/Ice              4
   e - Summon Ice Beast               Ice/Summoning                4
Comestibles
 c - 2 bread rations
 f - a meat ration
 h - a chunk of flesh


   Skills:
 - Level 2.1 Dodging
 - Level 2.1 Stealth
 + Level 3.5 Spellcasting
 + Level 1.2 Conjurations
 * Level 4.4 Ice Magic


You had 4 spell levels left.
You knew the following spells:

 Your Spells              Type           Power        Failure   Level  Hunger
a - Freeze                Ice            ###.         2%          1    None
b - Throw Frost           Conj/Ice       ##....       10%         2    ##.....
c - Ozocubu's Armour      Chrm/Ice       ##......     17%         3    ###....


Dungeon Overview and Level Annotations

Branches:
Dungeon (3/15)

Altars:
Xom

Annotations:
D:3 Grinder; Robin; tailblues's ghost, amateur DgWz


Message History

Tailblues's ghost blinks!
You see here a giant newt corpse.
You hit the rat.
You kill the rat!
Tailblues's ghost casts a spell at you. The magic dart hits you!
* * * LOW HITPOINT WARNING * * *
Things that are here:
a club; a goblin corpse; a giant cockroach corpse You see here 15 arrows.
You start resting.
Casting: Freeze
Confirm with . or Enter, or press ? or * to list all spells.
Aiming: Freeze
Press: ? - help, Shift-Dir - straight line, f/p - tailblues's ghost
Aim: tailblues's ghost (severely damaged)
You freeze tailblues's ghost.
Tailblues's ghost is almost destroyed.
Tailblues's ghost hits you.
You die...

#.####
#.....###########
#..W...†).......#
#####.###W.##...
....(..@..#
####.###..# #.
#..####+#.
#####.###.........
..................
..................
#########.........
##.##.... #.# ...#


You could see tailblues's ghost.

Vanquished Creatures
  4 adders (D:2)
  A worm (D:2)
  A giant gecko (D:2)
  An orc (D:3)
  4 giant cockroaches
  5 goblins
  6 hobgoblins
  3 jackals (D:2)
  2 quokkas (D:2)
  2 bats (D:2)
  6 giant newts
  6 kobolds
  3 rats
44 creatures vanquished.

Notes
Turn   | Place    | Note
--------------------------------------------------------------
     0 | D:1      | Dioneo the High Elf Ice Elementalist began the quest for the Orb.
     0 | D:1      | Reached XP level 1. HP: 11/11 MP: 4/4
   602 | D:1      | Reached XP level 2. HP: 11/17 MP: 2/6
   725 | D:1      | Learned a level 2 spell: Throw Frost
  1440 | D:2      | Reached XP level 3. HP: 15/21 MP: 1/8
  1507 | D:2      | Reached skill level 4 in Ice Magic
  1904 | D:2      | Found a shimmering altar of Xom.
  2257 | D:2      | Reached XP level 4. HP: 27/27 MP: 6/10
  2411 | D:2      | Learned a level 3 spell: Ozocubu's Armour
  2515 | D:3      | Noticed Robin
  2515 | D:3      | Noticed Grinder
  2843 | D:3      | Noticed tailblues's ghost (amateur DgWz)
  2887 | D:3      | HP: 1/27 [tailblues's ghost/magic dart (10)]
  2896 | D:3      | Slain by tailblues's ghost

Skill      XL: |  1  2  3 |
---------------+----------+-----
Spellcasting   | 3 |  3.5
Ice Magic      | 4 |  4.4
Dodging        | |  2.1
Stealth        | |  2.1
Conjurations   | |  1.2

Action                   |  1- 3 |  4- 6 || total
-------------------------+-------+-------++-------
Melee: Club              |    11 |       ||    11
       Dagger            |     6 |    11 ||    17
       Whip              |     3 |       ||     3
 Cast: Freeze            |    36 |    12 ||    48
       Throw Frost       |    17 |    17 ||    34
  Use: Scroll            |       |     8 ||     8
       Potion            |       |     1 ||     1
 Stab: Sleeping          |     3 |       ||     3
  Eat: Chunk             |     5 |     2 ||     7
Armor: Robe              |     5 |     3 ||     8
Dodge: Dodged            |    25 |    19 ||    44
